 Dungeon Crawl Stone Soup version 0.31-a0-853-gc9b61b78f7 (webtiles) character file.

Game seed: 16070510021910064229

1232 BinkBink the Cleaver (level 8, -2/71 HPs)
             Began as a Minotaur Monk on Oct 8, 2023.
             Killed by divine providence
             ... invoked by an orc priest
              (9 damage)
             ... on level 6 of the Dungeon.
             The game lasted 00:05:34 (4559 turns).

BinkBink the Cleaver (Minotaur Monk)                Turns: 4559, Time: 00:05:35

Health: -2/71      AC:  7    Str: 18    XL:     8   Next: 24%
Magic:  16/16      EV: 15    Int:  7    God:
Gold:   201        SH:  0    Dex: 16    Spells: 7/7 levels left

rFire   + . .        K - +0 battleaxe
rCold   . . .        (shield currently unavailable)
rNeg    . . .        b - +0 robe
rPois   .            (helmet restricted)
rElec   .            (no cloak)
rCorr   .            D - +0 pair of gloves
SInv    .            (no boots)
Will    +....        (no amulet)
Stlth   +            n - +4 ring of protection
HPRegen 0.31/turn    u - ring of Dynepro {rF+ MP+9 Dex+3}
MPRegen 0.15/turn

%: no passive effects
@: mighty, enlightened, flying, invisible
A: horns 2, retaliatory headbutt
a: no special abilities


You were on level 6 of the Dungeon.
You visited 1 branch of the dungeon, and saw 6 of its levels.

You collected 266 gold pieces.
You spent 65 gold pieces at shops.

Inventory:

Hand Weapons
 K - a +0 battleaxe (weapon)
Armour
 b - a +0 robe (worn)
 d - an orb of light
 x - a +1 ring mail of poison resistance
 D - a +0 pair of gloves (worn)
Jewellery
 n - a +4 ring of protection (left hand)
 s - a +4 ring of protection
 u - the ring of Dynepro (right hand) {rF+ MP+9 Dex+3}
   (You found it on level 3 of the Dungeon)

   [ring of protection from fire]

   Dex+3:     It affects your dexterity (+3).
   rF+:       It protects you from fire.
   MP+9:      It affects your magic capacity (+9).
 A - a ring of magical power
 E - a ring of magical power
 F - a ring of positive energy
Wands
 z - a wand of iceblast (17)
 J - a wand of light (10)
Scrolls
 e - a scroll of enchant weapon {unknown}
 f - 2 scrolls of teleportation {unknown}
 i - a scroll of immolation {unknown}
 j - 3 scrolls of butterflies {unknown}
 o - 5 scrolls of identify {unknown}
 p - a scroll of fog {unknown}
 r - 2 scrolls of amnesia {unknown}
 t - a scroll of fear {unknown}
 w - a scroll of torment {unknown}
 y - a scroll of revelation {unknown}
 G - 2 scrolls of blinking {unknown}
 H - a scroll of silence {unknown}
 I - a scroll of noise {unknown}
Potions
 c - a potion of ambrosia
 g - a potion of heal wounds {unknown}
 h - a potion of might
 k - a potion of magic {unknown}
 l - 2 potions of cancellation
 m - a potion of haste {unknown}
 q - 2 potions of berserk rage {unknown}
 v - a potion of invisibility
 B - a potion of enlightenment
 C - a potion of curing {unknown}


   Skills:
 + Level 6.9 Fighting
 * Level 9.2 Axes
 + Level 6.3 Dodging


You had 7 spell levels left.
You didn't know any spells.
Your spell library contained the following spells:

 Spells                   Type           Power      Damage    Failure   Level
 Magic Dart               Conj           0%         1d3       43%         1
 Blink                    Tloc           0%         N/A       56%         2
 Call Imp                 Summ           0%         N/A       56%         2
 Lesser Beckoning         Tloc           0%         N/A       56%         2
 Momentum Strike          Conj/Tloc      0%         3d8       56%         2
 Sublimation of Blood     Necr           0%         N/A       56%         2
 Wereblood                Tmut           0%         N/A       56%         2
 Mephitic Cloud           Conj/Pois/Air  0%         N/A       80%         3
 Petrify                  Tmut/Erth      0%         N/A       99%         4
 Irradiate                Conj/Tmut      0%         3d11      100%        5
 Summon Hydra             Summ           0%         N/A       100%        7


Dungeon Overview and Level Annotations

Branches:
Dungeon (6/15)
 Temple: D:4-7

Altars:
Ru

Shops:
D:6 *:

Annotations:
D:4 2 transporters, Nedwor's ghost, amateur MfGl
D:5 1 runed translucent door, Zaque's ghost, novice MiBe


Innate Abilities, Weirdness & Mutations

You have a pair of horns on your head.
You reflexively headbutt those who attack you in melee.


Message History

You slash the orc!
You kill the orc!
An orc comes into view.
It is wielding a +0 club and wearing a +0 leather armour of cold resistance.
The orc warrior hits you with a +0 glaive.
You see here a +0 hand axe.
You barely miss the orc warrior. You headbutt the orc warrior.
The orc warrior is lightly wounded.
The orc warrior hits you with a +0 glaive!
You hit the orc warrior but do no damage.
You headbutt the orc warrior, but do no damage.
The orc warrior is lightly wounded.
An orc comes into view. It is wielding a +0 short sword.
The orc warrior hits you with a +0 glaive!
You closely miss the orc warrior.
The orc warrior is lightly wounded.
The orc warrior hits you with a +0 glaive.
An orc priest comes into view. It is wielding a +0 short sword.
The orc warrior hits you with a +0 glaive!
You are too injured to fight recklessly!
You are too injured to fight recklessly!
The orc warrior hits you from afar with a +0 glaive!
* * * LOW HITPOINT WARNING * * *
The orc warrior attacks as it pursues you!
The orc warrior hits you from afar with a +0 glaive!
* * * LOW HITPOINT WARNING * * *
The sentinel's mark upon you fades away.
It was a potion of cancellation.
You feel magically purged. The orc warrior completely misses you.
It was a potion of might.
You feel very mighty all of a sudden. The orc warrior closely misses you.
It was a potion of invisibility.
You fade into invisibility!
The orc warrior misses you.
It was a potion of enlightenment.
You feel very buoyant.
You fly up into the air.
The orc warrior closely misses you.
The orc priest calls down the wrath of Beogh upon you.
Beogh smites you!
You die... ####. #.... ..$ #. oo.

.## #o# ... #.# ).#
######)# #.# #..oooo#
#.# #@###### #. #.#
#.# #.#### #<#
#.########## ..... #.#
#.#.........###...
####.##
#.#...............
##..8..#
#.............#...
#......#
#######.........#.#...
#.8...8#
#...............#.....
#......#
#.#####.........#.....


You could see an orc warrior (unable to see you), an orc priest (unable to see
you) and 2 orcs.

Vanquished Creatures
  Eustachio (D:6)
  A sky beast (D:6)
  2 phantoms
  2 scorpions
  6 killer bees (D:5)
  6 jellies
  A hound (D:6)
  Ijyb (D:4)
  4 iguanas
  2 adders
  A shadow imp (D:5)
  3 worms
  2 dart slugs
  9 orcs
  9 endoplasms
  6 giant cockroaches
  8 goblins
  10 hobgoblins
  5 jackals
  5 kobolds
  6 quokkas
  10 ball pythons
  7 bats
  6 frilled lizards
  11 rats
124 creatures vanquished.

Notes
Turn   | Place    | Note
-------+----------+-------------------------------------------
     0 | D:1      | BinkBink the Minotaur Monk began the quest for the Orb.
     0 | D:1      | Reached XP level 1. HP: 19/19 MP: 0/0
   185 | D:1      | Reached skill level 4 in Axes
   188 | D:1      | Reached XP level 2. HP: 16/27 MP: 1/1
   646 | D:1      | Reached XP level 3. HP: 31/33 MP: 2/2
  1148 | D:2      | Found a faded altar of an unknown god.
  1523 | D:2      | Reached XP level 4. HP: 40/40 MP: 3/3
  1608 | D:3      | Reached skill level 5 in Axes
  1728 | D:3      | Identified the ring of Dynepro {rF+ MP+9 Dex+3}
  2427 | D:4      | Noticed Ijyb
  2447 | D:4      | Killed Ijyb
  2511 | D:4      | Noticed a scorpion
  2522 | D:4      | Killed a scorpion
  2523 | D:4      | Reached XP level 5. HP: 46/47 MP: 4/4
  2604 | D:4      | Noticed a phantom
  2610 | D:4      | Killed a phantom
  2611 | D:4      | Reached skill level 5 in Fighting
  2611 | D:4      | Reached skill level 6 in Axes
  2627 | D:4      | Found a transporter.
  2640 | D:4      | Found a sacrificial altar of Ru.
  2648 | D:4      | Reached XP level 6. HP: 56/56 MP: 5/5
  2753 | D:4      | Found a transporter.
  3055 | D:4      | Noticed Nedwor's ghost (amateur MfGl)
  3136 | D:5      | Entered Level 5 of the Dungeon
  3170 | D:5      | You fall into a shaft and drop 1 floor!
  3171 | D:6      | Noticed a sky beast
  3178 | D:6      | Killed a sky beast
  3194 | D:6      | Reached skill level 5 in Dodging
  3267 | D:6      | Reached skill level 7 in Axes
  3415 | D:5      | Reached XP level 7. HP: 54/62 MP: 6/6
  3439 | D:5      | Reached skill level 8 in Axes
  3812 | D:5      | Found a runed translucent door.
  3813 | D:5      | Noticed Zaque's ghost (novice MiBe)
  4141 | D:6      | Noticed Eustachio
  4152 | D:6      | Killed Eustachio
  4182 | D:6      | Reached XP level 8. HP: 71/71 MP: 7/7
  4216 | D:6      | Found Fozxul's Self-Improvement Boutique.
  4295 | D:6      | Reached skill level 9 in Axes
  4356 | D:6      | Found Hakkoki's Mayhem Merchandise.
  4417 | D:6      | Bought a +0 battleaxe for 65 gold pieces
  4559 | D:6      | Killed from afar by an orc priest

Illustrated notes

Levels and vault maps discovered:
D:1:      dpeg_arrival_circle_labyrinth_c, layout_loops_cross,
          minmay_heptomino_l4
D:2:      minmay_inner_zag, layout_rooms, hellmonk_ecumenical_altar_run_dry
D:3:      layout_basic
D:4:      layout_loops_ring, nicolae_ru_great_annihilating_truth,
          nicolae_overflow_hidden_temple, gammafunk_ghost_gnarly_gnolls,
          uniq_ijyb
D:5:      layout_loops_ring, gammafunk_ghost_grave
D:6:      layout_loops_ring, minmay_temple_entry_proselytizer,
          nicolae_ossuary_entry_monument, minmay_shop_mayhem,
          nicolae_shop_self_help, uniq_eustachio

Skill      XL: |  1  2  3  4  5  6  7  8 |
---------------+-------------------------+-----
Axes           | 4 5 6 7 8 9 |  9.2
Fighting       | 4 5 6 |  6.9
Dodging        | 4 5 6 |  6.3

Action                     |  1- 3 |  4- 6 |  7- 9 || total
---------------------------+-------+-------+-------++-------
  Melee: Hand axe          |    91 |   111 |    66 ||   268
         Headbutt          |    21 |    23 |    27 ||    71
         Battleaxe         |       |       |     7 ||     7
    Use: Potion            |       |       |     4 ||     4
   Stab: Paralysed         |       |     1 |       ||     1
         Invisible         |       |     1 |       ||     1
 Armour: Robe              |    39 |    56 |    39 ||   134
  Dodge: Dodged            |    55 |    62 |    48 ||   165

Table legend: (Time is in decaauts)
 A = Elapsed time spent in this place.
 B = Non-inter-level travel time spent in this place.
 C = Inter-level travel time spent in this place.
 D = Time resting spent in this place.
 E = Time spent auto-exploring this place.
 F = Levels seen in this place.
 G = Mean time per level.
                   A        B        C        D        E       F      G
               +--------+--------+--------+--------+--------+-----+--------+
         Total |   4560 |   4325 |    235 |      0 |   3671 |   6 |  760.0 |
       Dungeon |   4560 |   4325 |    235 |      0 |   3671 |   6 |  760.0 |
               +--------+--------+--------+--------+--------+-----+--------+

Top non-repeatable levels by time:
     D:1: 1050 daAuts
     D:5: 847 daAuts
     D:3: 806 daAuts
     D:4: 731 daAuts
     D:6: 567 daAuts
     D:2: 558 daAuts
